 Dungeon Crawl Stone Soup version 0.26-a0-639-g72c4674329 (webtiles) character file.

Game seed: 5694005122413866890

638 Borgoz the Cudgeler (level 7, -14/44 HPs)
             Began as a Gargoyle Gladiator on Sept 18, 2020.
             Demolished by an ogre
             ... wielding a +0 giant club
              (22 damage)
             ... on level 4 of the Dungeon.
             The game lasted 00:03:34 (3520 turns).

Borgoz the Cudgeler (Gargoyle Gladiator)            Turns: 3520, Time: 00:03:35

Health: -14/44     AC: 11    Str: 17    XL:     7   Next: 50%
Magic:  7/7        EV: 12    Int:  9    God:
Gold:   191        SH:  0    Dex: 13    Spells: 6/6 levels left

rFire    . . .     SeeInvis .   a - +0 flail
rCold    . . .     Faith    .   (no shield)
rNeg     + . .     Spirit   .   j - +0 ring mail
rPois    ∞         Reflect  .   c - +0 helmet
rElec    +         Harm     .   (no cloak)
rCorr    .         Rampage  .   (no gloves)
MR       .....                  (no boots)
Stlth    +.........             (no amulet)
HPRegen  0.14/turn              (no ring)
MPRegen  0.10/turn              (no ring)

@: hasted, very quick
A: negative energy resistance 1, electricity resistance, unbreathing,
petrification resistance, rot immunity, AC +4
a: no special abilities


You were on level 4 of the Dungeon.
You visited 1 branch of the dungeon, and saw 4 of its levels.

You collected 191 gold pieces.

Inventory:

Hand Weapons
 a - a +0 flail (weapon)
Armour
 c - a +0 helmet (worn)
 j - a +0 ring mail (worn)
Scrolls
 e - a scroll of enchant weapon {unknown}
 f - 2 scrolls of amnesia {unknown}
 g - 2 scrolls of enchant armour {unknown}
 h - a scroll of fog {unknown}
 k - a scroll of fear {unknown}
 l - 3 scrolls of remove curse {unknown}
 n - 3 scrolls of teleportation {unknown}
 o - a scroll of immolation {unknown}
 q - 3 scrolls of identify {unknown}
 t - a scroll of random uselessness {unknown}
 u - a scroll of magic mapping {unknown}
Potions
 b - a potion of ambrosia {unknown}
 i - a potion of mutation {unknown}
 m - a potion of curing
 p - 2 potions of might
 s - a potion of lignification {unknown}


   Skills:
 + Level 4.7 Fighting
 + Level 4.9 Maces & Flails
 - Level 1.8 Throwing
 + Level 4.0 Armour
 + Level 4.1 Dodging


You had 6 spell levels left.
You didn't know any spells.
Your spell library was empty.

Dungeon Overview and Level Annotations

Branches:
Dungeon (4/15)
 Temple: D:4-7

Altars:
Cheibriados
Dithmenos
Elyvilon
Fedhas
Kikubaaqudgha
Makhleb


Innate Abilities, Weirdness & Mutations

You are resistant to torment.
Your stone body is resilient. (AC +4)
You are immune to poison.
You resist negative energy. (rN+)
You are resistant to electric shocks. (rElec)
You can survive without breathing.
You are immune to petrification.
You are immune to rotting.


Message History

The bullfrog skeleton barely misses you.
The ogre hits you but does no damage.
The bullfrog skeleton completely misses you.
You hit the ogre but do no damage.
The ogre is severely wounded.
The bullfrog skeleton hits you but does no damage.
The ogre hits you with a +0 giant club.
* * * LOW HITPOINT WARNING * * *
You barely miss the ogre.
The ogre is severely wounded.
The bullfrog skeleton hits you but does no damage.
The bullfrog skeleton hits you.
* * * LOW HITPOINT WARNING * * *
The ogre misses you.
You feel yourself speed up. The bullfrog skeleton misses you.
You barely miss the ogre.
The ogre is severely wounded.
The ogre hits you with a +0 giant club!!
Ouch! That really hurt!
You die...

##### # #_#⌠##
?#.#.#.#.8##
..........)#
......O@...#
.#.#.#Z#.8.#
#_#_#.# #####.# #
##†# #.#..#
####...##
.........##########
######.#..........#


You could see an ogre and a bullfrog skeleton.

Vanquished Creatures
  Grinder (D:3)
  Sigmund (D:3)
  An ice beast (D:3)
  A worker ant (D:4)
  3 gnolls (D:3)
  5 adders
  An ooze (D:3)
  4 worms
  A dart slug (D:1)
  2 leopard geckos
  5 orcs
  3 giant cockroaches (D:2)
  11 goblins
  10 hobgoblins
  2 jackals (D:3)
  A quokka (D:2)
  A ball python (D:2)
  7 bats
  9 frilled lizards
  7 kobolds
  10 rats
86 creatures vanquished.

Notes
Turn   | Place    | Note
-------+----------+-------------------------------------------
     0 | D:1      | Borgoz the Gargoyle Gladiator began the quest for the Orb.
     0 | D:1      | Reached XP level 1. HP: 12/12 MP: 1/1
     7 | D:1      | Noticed a lindwurm
     7 | D:1      | Noticed a polar bear
     7 | D:1      | Noticed a swamp drake
   247 | D:1      | Reached XP level 2. HP: 15/18 MP: 2/2
   554 | D:1      | Found a snail-covered altar of Cheibriados.
   652 | D:1      | Reached skill level 1 in Armour
   852 | D:2      | Reached XP level 3. HP: 6/22 MP: 3/3
  1121 | D:2      | Found a shadowy altar of Dithmenos.
  1381 | D:2      | Reached XP level 4. HP: 15/27 MP: 4/4
  2153 | D:3      | Noticed an ice beast
  2175 | D:3      | HP: 1/28 [ice beast (10)]
  2180 | D:3      | Killed an ice beast
  2180 | D:3      | Reached XP level 5. HP: 13/32 MP: 5/5
  2392 | D:3      | Noticed Grinder
  2430 | D:3      | Paralysed by Grinder for 6 turns
  2441 | D:3      | Killed Grinder
  2441 | D:3      | Reached XP level 6. HP: 12/38 MP: 6/6
  2751 | D:3      | Noticed Sigmund
  2784 | D:3      | Killed Sigmund
  2784 | D:3      | Reached XP level 7. HP: 13/44 MP: 7/7
  3131 | D:3      | Found an ancient bone altar of Kikubaaqudgha.
  3494 | D:4      | Found a blossoming altar of Fedhas.
  3497 | D:4      | Found a burning altar of Makhleb.
  3500 | D:4      | Found a white marble altar of Elyvilon.
  3520 | D:4      | Demolished by an ogre

Illustrated notes

Levels and vault maps discovered:
D:1:      onia_arrival_zoo_common, layout_loops_cross, kennysheep_flooded_box,
          st_stairs_9
D:2:      layout_basic, lemuel_doored_altar, minmay_tromino_mix6
D:3:      layout_rooms, marbit_many_paths, uniq_sigmund, uniq_grinder
D:4:      minmay_inner_zag, layout_rooms, minitemple

Skill      XL: |  1  2  3  4  5  6  7 |
---------------+----------------------+-----
Armour         | 1 2 3 4 |  4.0
Fighting       | 3 4 |  4.7
Dodging        | 3 4 |  4.1
Maces & Flails | 4 |  4.9
Throwing       | |  1.8

Action                   |  1- 3 |  4- 6 |  7- 9 || total
-------------------------+-------+-------+-------++-------
Melee: Flail             |   116 |   157 |    94 ||   367
Throw: Throwing net      |       |     3 |     1 ||     4
  Use: Potion            |       |     1 |     3 ||     4
 Stab: Held in net/web   |       |     1 |     1 ||     2
Armor: Ring mail         |    61 |   114 |    57 ||   232
       Leather armour    |     3 |       |       ||     3
Dodge: Dodged            |   111 |   138 |    64 ||   313

Table legend: (Time is in decaauts)
 A = Elapsed time spent in this place.
 B = Non-inter-level travel time spent in this place.
 C = Inter-level travel time spent in this place.
 D = Time resting spent in this place.
 E = Time spent auto-exploring this place.
 F = Levels seen in this place.
 G = Mean time per level.
                   A        B        C        D        E       F      G
               +--------+--------+--------+--------+--------+-----+--------+
         Total |   3592 |   3513 |     79 |   1149 |   1654 |   4 |  898.0 |
       Dungeon |   3592 |   3513 |     79 |   1149 |   1654 |   4 |  898.0 |
               +--------+--------+--------+--------+--------+-----+--------+

Top non-repeatable levels by time:
     D:2: 1342 daAuts
     D:3: 1244 daAuts
     D:1: 847 daAuts
     D:4: 157 daAuts
